 Dungeon Crawl Stone Soup version 0.21-a0-81-gc5150db (webtiles) character file.

114 roflturtle the Changer (level 4, -1/38 HPs)
             Began as a Draconian Transmuter on June 24, 2017.
             Slain by Grinder (6 damage)
             ... while paralysed by Grinder
             ... on level 3 of the Dungeon.
             The game lasted 00:08:51 (2000 turns).

roflturtle the Changer (Draconian Transmuter)       Turns: 2000, Time: 00:08:51

Health: -1/38      AC:  2    Str: 12    XL:     4   Next: 67%
Magic:  4/7        EV:  5    Int: 14    God:
Gold:   45         SH:  0    Dex: 17    Spells: 1/7 levels left

rFire    . . .     SeeInvis .     - Unarmed
rCold    + . .     Gourm    .   (shield currently unavailable)
rNeg     . . .     Faith    .   (armour unavailable)
rPois    x         Spirit   .   (helmet currently unavailable)
rElec    .         Reflect  .   (cloak currently unavailable)
rCorr    .         Harm     .   (gloves currently unavailable)
MR       .....                  (boots currently unavailable)
Stlth    ++........             (no amulet)
HPRegen  0.12/turn              i - +4 ring of evasion
MPRegen  0.10/turn              m - ring of protection from cold

@: paralysed, spider-form (expiring)
A: unfitting armour, AC +5
a: End Transformation


You were on level 3 of the Dungeon.
You were not hungry.
You were a venomous arachnid creature.
You visited 1 branch of the dungeon, and saw 3 of its levels.

You collected 45 gold pieces.

Inventory:

Hand Weapons
 u - a +3 quarterstaff of chaos
Missiles
 a - 87 arrows
 q - 8 poisoned needles
Armour
 n - a +0 pair of gloves (melded)
 v - a +2 cloak (melded)
Jewellery
 i - a +4 ring of evasion (left front leg)
 m - a ring of protection from cold (right front leg)
 r - a cursed ring of teleportation {unknown}
Wands
 t - a wand of flame (19/48)
Scrolls
 d - a scroll of amnesia {unknown}
 h - 2 scrolls of remove curse
 p - a scroll of teleportation
Potions
 e - a potion of flight {unknown}
 j - a potion of invisibility {unknown}
 k - 2 potions of curing
 l - a potion of magic {unknown}
 o - a potion of haste {unknown}
 s - 2 potions of resistance {unknown}
Books
 b - a book of Changes

   Spells                             Type                      Level
   a - Beastly Appendage              Transmutation                1
   b - Sticks to Snakes               Transmutation                2
   c - Spider Form                    Transmutation/Poison         3
   d - Ice Form                       Ice/Transmutation            4
   e - Blade Hands                    Transmutation                5
Comestibles
 c - 2 bread rations
 f - 8 chunks of flesh
 g - 2 meat rations


   Skills:
 - Level 3.0 Fighting
 - Level 2.0 Dodging
 + Level 3.0 Unarmed Combat
 - Level 2.0 Spellcasting
 - Level 4.0 Transmutations


You had one spell level left.
You knew the following spells:

 Your Spells              Type           Power        Failure   Level  Hunger
a - Beastly Appendage     Tmut           ##....       14%         1    ##.....
b - Sticks to Snakes      Tmut           ##......     19%         2    ###....
c - Spider Form           Tmut/Pois      #.........   52%         3    ####...


Dungeon Overview and Level Annotations

Branches:
Dungeon (3/15)

Altars:

Annotations:
D:3 Grinder


Innate Abilities, Weirdness & Mutations

((Your plain brown scales are hard. (AC +5)))
You cannot fit into any form of body armour.
((You are cold-blooded and may be slowed by cold attacks.))


Message History

Grinder gestures at you. You resist with significant effort.
Grinder gestures at you.
You suddenly lose the ability to move!
Grinder hits you!
You writhe in agony.
You can move again.
You bite Grinder!
Grinder is lightly wounded.
Grinder closely misses you.
You closely miss Grinder.
Grinder is lightly wounded.
Grinder gestures at you.
You suddenly lose the ability to move!
Your transformation is almost over.
Grinder hits you!
You writhe in agony.
Grinder barely misses you. Grinder hits you!
* * * LOW HITPOINT WARNING * * *
You writhe in agony.
You die...

....... ...... .....
.... ... #.# #5##
#s.# ########## ##†#
.........# #.#
).......# #.#
.......# ###.#
.#....### ##...##
##......######.....##
#..#.#..............#
#.##...######.......#


You could see Grinder.

Vanquished Creatures
  Crazy Yiuf (D:2)
  An adder (D:2)
  2 worms (D:2)
  4 dart slugs
  A leopard gecko (D:1)
  11 bats
  4 giant cockroaches
  9 goblins
  3 hobgoblins
  8 jackals
  A quokka (D:3)
  A ball python (D:2)
  3 frilled lizards
  4 kobolds
  4 rats
57 creatures vanquished.

Notes
Turn   | Place    | Note
-------+----------+-------------------------------------------
     0 | D:1      | roflturtle the Draconian Transmuter began the quest for the Orb.
     0 | D:1      | Reached XP level 1. HP: 16/16 MP: 3/3
   382 | D:1      | Reached XP level 2. HP: 20/23 MP: 3/5
   462 | D:1      | Reached skill level 3 in Transmutations
   769 | D:1      | Reached XP level 3. HP: 28/28 MP: 4/6
  1125 | D:2      | Learned a level 2 spell: Sticks to Snakes
  1129 | D:2      | Learned a level 3 spell: Spider Form
  1312 | D:2      | Reached skill level 4 in Transmutations
  1634 | D:2      | Found a runed door.
  1639 | D:2      | Noticed Crazy Yiuf
  1644 | D:2      | Killed Crazy Yiuf
  1644 | D:2      | Reached XP level 4. HP: 17/37 MP: 3/7
  1989 | D:3      | Noticed Grinder
  1994 | D:3      | Paralysed by Grinder for 2 turns
  1997 | D:3      | Paralysed by Grinder for 7 turns
  2000 | D:3      | Slain by Grinder

Vault maps used:
D:1:      saegor_arrival_miasma
D:2:      minmay_misc_feat_four_crosses, grunt_ministairs_5, roderic_lattice_a,
          minmay_misc_feat_secret_circle, uniq_crazy_yiuf_cottage
D:3:      tgw_fedhas, evilmike_ruin_ashenzari, uniq_jessica, uniq_grinder,
          uniq_sigmund

Skill      XL: |  1  2  3  4 |
---------------+-------------+-----
Dodging        | 2 |  2.0
Transmutations | 3 4 |  4.0
Fighting       | 2 3 |  3.0
Unarmed Combat | |  3.0
Spellcasting   | |  2.0

Action                   |  1- 3 |  4- 6 || total
-------------------------+-------+-------++-------
Melee: Unarmed           |   170 |    40 ||   210
       Kick              |    17 |       ||    17
       Tailslap          |    17 |     3 ||    20
       Headbutt          |     3 |     9 ||    12
       Punch             |     2 |       ||     2
 Cast: Beastly Appendage |    24 |     7 ||    31
       Spider Form       |     1 |     1 ||     2
  Use: Scroll            |     4 |     1 ||     5
 Stab: Sleeping          |     1 |       ||     1
  Eat: Chunk             |     3 |     2 ||     5
Armor: Skin              |    64 |    11 ||    75
Dodge: Dodged            |   131 |    29 ||   160
